 Dungeon Crawl Stone Soup version 0.30.1-4-g462c640d31 (webtiles) character file.

Game seed: 10951819166158778842

98 hawla the Firebug (level 5, -3/38 HPs)
             Began as a Meteoran Fire Elementalist on Aug 15, 2023.
             Slain by a gnoll
             ... wielding a +0 spear
              (5 damage)
             ... on level 4 of the Dungeon.
             The game lasted 00:05:59 (1023 turns).

hawla the Firebug (Meteoran Fire Elementalist)      Turns: 1023, Time: 00:06:00

Health: -3/38      AC:  2    Str:  6    XL:     5   Next: 21%
Magic:  0/11       EV: 13    Int: 19    God:
Gold:   118        SH:  0    Dex: 14    Spells: 8/11 levels left

rFire   + + .        o - +0 falchion of Prescription {protect, rElec rPois Str-3}
rCold   + . .        (no shield)
rNeg    . . .        a - +0 robe
rPois   +            (no helmet)
rElec   +            (no cloak)
rCorr   +            (no gloves)
SInv    .            (no boots)
Will    .....        (no amulet)
Stlth   +            (no ring)
HPRegen 0.26/turn    (no ring)
MPRegen 0.12/turn

%: no passive effects
@: resistant, glowing
A: sense surroundings 1, otherworldly, glowing, explore regen, fire resistance 1
a: no special abilities


You were on level 4 of the Dungeon.
You visited 1 branch of the dungeon, and saw 4 of its levels.

You collected 118 gold pieces.

Inventory:

Hand Weapons
 o - the +0 falchion of Prescription (weapon) {protect, rElec rPois Str-3}
   (You found it on level 4 of the Dungeon)

   Str:       It affects your strength (-3).
   rElec:     It insulates you from electricity.
   rPois:     It protects you from poison.
Armour
 a - a +0 robe (worn)
Scrolls
 f - a scroll of immolation {unknown}
 g - a scroll of amnesia {unknown}
 i - a scroll of noise {unknown}
 j - a scroll of enchant armour {unknown}
 k - a scroll of vulnerability {unknown}
Potions
 b - a potion of magic
 c - a potion of haste
 d - a potion of mutation
 e - 2 potions of resistance
 l - a potion of attraction {unknown}
 m - a potion of curing {unknown}
 n - a potion of might {unknown}


   Skills:
 + Level 2.9 Dodging
 - Level 1.4 Stealth
 + Level 3.7 Spellcasting
 + Level 1.8 Conjurations
 + Level 5.3 Fire Magic


You had 8 spell levels left.
You knew the following spells:

 Your Spells              Type           Power      Damage    Failure   Level
a - Foxfire               Conj/Fire      68%        2x1d7     3%          1
b - Scorch                Fire           46%        2d7       2%          2

Your spell library contained the following spells:

 Spells                   Type           Power      Damage    Failure   Level
 Freeze                   Ice            12%        1d3       14%         1
 Inner Flame              Hex/Fire       13%        N/A       14%         3
 Volatile Blastmotes      Fire/Tloc      26%        2d12      14%         3
 Hailstorm                Conj/Ice       7%         3d4       28%         3
 Flame Wave               Conj/Fire      17%        2d7       32%         4
 Frozen Ramparts          Ice            6%         1d1       38%         3


Dungeon Overview and Level Annotations

Branches:
Dungeon (4/15) Zot: 1377
 Temple: D:4-7

Altars:
Ru
The Shining One

Shops:
D:2 [


Innate Abilities, Weirdness & Mutations

You passively map a small area around you.
You are easily found by Zot.
You glow in the dark.
You regain HP and MP as you explore.
Your flesh is heat resistant. (rF+)


Message History

The gnoll's fire resistance burns away.
The gnoll barely misses you.
Unknown command.
Casting: Scorch (safe; 2% risk of failure)
Confirm with . or Enter, or press ? or * to list all spells.
Flames lash the gnoll.
The gnoll is burned terribly!
You kill the gnoll!
You have reached level 5!
Casting: Scorch (safe; 2% risk of failure)
Confirm with . or Enter, or press ? or * to list all spells.
Flames lash the gnoll.
The gnoll is burned terribly!
You kill the gnoll!
A gnoll comes into view. It is wielding a +0 flail.
A gnoll comes into view. It is wielding a +0 spear.
The gnoll shouts! x2
The gnoll hits you from afar with a +0 spear.
The gnoll drinks a potion.
The gnoll goes berserk!
The gnoll closely misses you. The gnoll hits you with a +0 spear.
The gnoll hits you with a +0 flail!
Things that are here:
a +0 spear; a +0 spear; a gnoll corpse You are too injured to fight recklessly!
You are too injured to fight recklessly!
Unknown command.
Okay, then.
The air fills with toxic fumes!
As you read the scroll labelled DEBROA BEUCVI, it crumbles to dust.
It was a scroll of poison.
The gnoll hits you with a +0 spear.
* * * LOW HITPOINT WARNING * * *
The gnoll hits you with a +0 flail.
* * * LOW HITPOINT WARNING * * *
It was a potion of mutation.
You feel extremely strange.
You feel resistant to heat. The gnoll barely misses you.
The gnoll hits you with a +0 spear.
* * * LOW HITPOINT WARNING * * *
The gnoll closely misses you.
Unknown command.
It was a potion of resistance.
You feel protected. The gnoll hits you with a +0 spear.
You die...

#...... ,
##.§§§§§§* *
##§.§§§§§#
###§§.§§§§§# *
##§§§§.§§§§# ,
, ###§§§§§.§§§#
*
##§§§§§§§.§§§#
,
###.§§§§§§§#§§#
*
#......).##@§#*
.......<###gg#
, ......###
§§## * ,, .....
§§## , ...# *
#§§ * ..,,, §§#
, # , §§§ ##§§


You could see 2 gnolls.

Vanquished Creatures
  Natasha (D:3)
  2 gnolls (D:4)
  An adder (D:3)
  2 orcs
  3 endoplasms
  A giant cockroach (D:1)
  A hobgoblin (D:2)
  7 jackals
  6 kobolds
  2 quokkas (D:3)
  5 ball pythons
  4 bats
  3 frilled lizards
  3 rats (D:3)
41 creatures vanquished.

Vanquished Creatures (others)
  66 foxfires
66 creatures vanquished.

Grand Total: 107 creatures vanquished

Notes
Turn   | Place    | Note
-------+----------+-------------------------------------------
     0 | D:1      | hawla the Meteoran Fire Elementalist began the quest for
                  | the Orb.
     0 | D:1      | Reached XP level 1. HP: 14/14 MP: 5/5
   129 | D:1      | Reached skill level 4 in Fire Magic
   129 | D:1      | Reached XP level 2. HP: 20/20 MP: 1/6
   132 | D:1      | Learned a level 2 spell: Scorch
   389 | D:2      | Reached XP level 3. HP: 22/26 MP: 4/8
   458 | D:2      | Found Gisienod's Armour Shoppe.
   591 | D:3      | Noticed Natasha
   600 | D:3      | Killed Natasha
   601 | D:3      | Reached XP level 4. HP: 33/33 MP: 1/9
   671 | D:3      | Found a glowing golden altar of the Shining One.
   743 | D:3      | Found a sacrificial altar of Ru.
   799 | D:3      | Reached skill level 5 in Fire Magic
  1010 | D:4      | Identified the +0 falchion of Prescription {protect, rElec
                  | rPois Str-3}
  1018 | D:4      | Reached XP level 5. HP: 35/38 MP: 2/11
  1022 | D:4      | Gained mutation: Your flesh is heat resistant. (rF+)
                  | [potion of mutation]
  1023 | D:4      | Slain by a gnoll

Illustrated notes

Levels and vault maps discovered:
D:1:      dpeg_arrival_rhombus, layout_loops_ring, grunt_decor_clamped
D:2:      cheibrodos_greedy_goblins, layout_loops_cross, serial_shops,
          nicolae_shop_peninsula, shapermc_ecumenical_altar_totnotflames
D:3:      layout_loops_corners, mainiacjoe_overflow_tiny_flanked,
          nicolae_ru_sacrificial_ziggurat, uniq_natasha, uniq_jessica
D:4:      layout_cave_pods, fedhas_altar_1, mainiacjoe_overflow_24_doors,
          gup_sewer_entry_pipe, minmay_box_of_dots, uniq_duvessa, uniq_grinder

Skill      XL: |  1  2  3  4 |
---------------+-------------+-----
Fire Magic     | 4 5 |  5.3
Spellcasting   | 3 |  3.7
Dodging        | |  2.9
Stealth        | |  1.4
Conjurations   | |  1.8

Action                     |  1- 3 |  4- 6 || total
---------------------------+-------+-------++-------
  Melee: Unarmed           |     5 |     7 ||    12
         Punch             |       |     1 ||     1
   Cast: Foxfire           |    27 |    16 ||    43
         Scorch            |     6 |    14 ||    20
    Use: Scroll            |     2 |     1 ||     3
         Potion            |       |     2 ||     2
 Armour: Robe              |     6 |       ||     6
  Dodge: Dodged            |    10 |    12 ||    22
